 Dungeon Crawl Stone Soup version 0.30-a0-672-gc3a7216ad8 (webtiles) character file.

Game seed: 2181687473104391421

172 bmack86 the Chopper (level 5, -3/47 HPs)
             Began as a Minotaur Fighter on Jan 18, 2023.
             Killed from afar by Sigmund (8 damage)
             ... with a puff of flame
             ... on level 3 of the Dungeon.
             The game lasted 00:05:26 (1754 turns).

bmack86 the Chopper (Minotaur Fighter)              Turns: 1754, Time: 00:05:27

Health: -3/47      AC:  8    Str: 22    XL:     5   Next: 27%
Magic:  4/4        EV:  9    Int:  5    God:
Gold:   164        SH:  4    Dex: 10    Spells: 4/4 levels left

rFire   . . .      SeeInvis +    a - +0 war axe
rCold   . . .      Faith    .    c - +0 buckler
rNeg    + . .      Spirit   .    b - +0 scale mail
rPois   .          Reflect  .    (helmet restricted)
rElec   .          Harm     .    g - +0 cloak
rCorr   .          Rampage  .    (no gloves)
Will    .....                    (no boots) Stlth
                                 (no amulet)
HPRegen 0.27/turn                q - ring of see invisible
MPRegen 0.09/turn                n - ring of positive energy

@: no status effects
A: horns 2, retaliatory headbutt
a: no special abilities


You were on level 3 of the Dungeon.
You visited 1 branch of the dungeon, and saw 3 of its levels.

You collected 164 gold pieces.

Inventory:

Hand Weapons
 a - a +0 war axe (weapon)
Missiles
 k - 6 javelins (quivered)
Armour
 b - a +0 scale mail (worn)
 c - a +0 buckler (worn)
 g - a +0 cloak (worn)
Jewellery
 n - a ring of positive energy (right hand)
 q - a ring of see invisible (left hand)
Wands
 p - a wand of polymorph (4)
Scrolls
 j - a scroll of enchant armour {unknown}
 m - a scroll of teleportation {unknown}
 r - a scroll of noise {unknown}
Potions
 d - 2 potions of might
 e - a potion of cancellation
 f - a potion of haste
 h - a potion of brilliance {unknown}
 i - a potion of flight {unknown}
 l - a potion of curing {unknown}
 o - a potion of berserk rage {unknown}
 s - a potion of attraction {unknown}
 t - a potion of magic {unknown}


   Skills:
 + Level 4.5 Fighting
 * Level 4.6 Axes
 + Level 4.5 Armour
 + Level 4.6 Shields


You had 4 spell levels left.
You didn't know any spells.
Your spell library contained the following spells:

 Spells                   Type           Power      Damage    Failure   Level
 Apportation              Tloc           0%         N/A       87%         1
 Necrotise                Necr           0%         1d4       87%         1
 Sandblast                Erth           0%         2d4       87%         1
 Summon Small Mammal      Summ           0%         N/A       87%         1
 Passwall                 Tmut/Erth      0%         N/A       95%         2
 Stone Arrow              Conj/Erth      0%         3d7       99%         3


Dungeon Overview and Level Annotations

Branches:
Dungeon (3/15)

Altars:

Annotations:
D:3 Sigmund


Innate Abilities, Weirdness & Mutations

You have a pair of horns on your head.
You reflexively headbutt those who attack you in melee.


Message History

You resist with some effort. The goblin attacks as you move away!
The goblin closely misses you.
You enter the shallow water.
Moving in this stuff is going to be slow.
You feel less confused.
Sigmund smiles chillingly.
Sigmund casts a spell.
Sigmund flickers and vanishes for a moment.
Your unstable footing causes you to fumble your attack.
The ball python bites you but does no damage.
The ball python grabs you. The ball python constricts you.
You block Sigmund's attack. The goblin hits you but does no damage.
The ball python barely misses you. The ball python constricts you.
You slash the goblin!
You kill the goblin!
You barely miss the ball python. You completely miss the goblin.
You block Sigmund's attack. The goblin barely misses you.
You furiously retaliate!
You headbutt the goblin!
You kill the goblin!
The ball python bites you but does no damage.
The ball python constricts you.
You escape the ball python's grasp.
Sigmund hits you with a +0 scythe.
* * * LOW HITPOINT WARNING * * *
The ball python bites you but does no damage.
You block the ball python's attack. Sigmund casts a spell at you.
The magic dart hits you!
* * * LOW HITPOINT WARNING * * *
The ball python barely misses you. You furiously retaliate!
You headbutt the ball python.
You kill the ball python!
You see here a +0 club.
Sigmund barely misses you.
You hit Sigmund. You headbutt Sigmund.
Sigmund is heavily wounded.
Sigmund casts a spell at you. You resist with some effort.
Sigmund casts a spell at you. The puff of flame hits you!
You die...

#)....####...?# #
#............# #
#............# # .
#...~....~...# #
#.##..........# #
........~~....## #
#..#....~~...... ####
#..#....))....#. . #...
#.....~.@@.~.... .##...
#............... .....
...............# #...
..........#....# #...
........#..##### #...
........##'######### #...
...................# ###.
...................#####)
...............)....).)..


You could see Sigmund (fast, invisible).

Vanquished Creatures
  An orc priest (D:3)
  Robin (D:3)
  3 adders
  2 dart slugs
  5 orcs
  2 bats
  2 endoplasms
  4 giant cockroaches
  21 goblins
  15 hobgoblins
  5 jackals
  5 kobolds
  5 quokkas
  6 ball pythons
  3 frilled lizards
  2 rats (D:2)
82 creatures vanquished.

Notes
Turn   | Place    | Note
-------+----------+-------------------------------------------
     0 | D:1      | bmack86 the Minotaur Fighter began the quest for the Orb.
     0 | D:1      | Reached XP level 1. HP: 19/19 MP: 0/0
    77 | D:1      | Reached XP level 2. HP: 27/27 MP: 1/1
   245 | D:1      | Reached XP level 3. HP: 26/33 MP: 2/2
   300 | D:1      | Found a faded altar of an unknown god.
   944 | D:2      | Reached XP level 4. HP: 40/40 MP: 3/3
  1662 | D:3      | Reached XP level 5. HP: 42/47 MP: 4/4
  1696 | D:3      | Noticed Robin
  1700 | D:3      | Killed Robin
  1735 | D:3      | Noticed Sigmund
  1754 | D:3      | Killed from afar by Sigmund

Illustrated notes

Levels and vault maps discovered:
D:1:      amcnicky_arrival_flooded_fountain, layout_rooms,
          ebering_ecumenical_altar_abandoned, minmay_misc_feat_more_columns
D:2:      layout_basic, minmay_goblin_kobold_house
D:3:      layout_basic, mainiacjoe_overflow_24_doors, skrybe_limestone_x,
          wander_ebering_terrifying_dragon_lair, uniq_terence, uniq_sigmund,
          uniq_robin

Skill      XL: |  1  2  3  4 |
---------------+-------------+-----
Axes           | 3 4 |  4.6
Armour         | 4 |  4.5
Shields        | 4 |  4.6
Fighting       | 4 |  4.5

Action                   |  1- 3 |  4- 6 || total
-------------------------+-------+-------++-------
Melee: War axe           |    75 |    59 ||   134
       Headbutt          |    10 |     8 ||    18
  Use: Scroll            |     3 |     1 ||     4
Armor: Scale mail        |    41 |    46 ||    87
Dodge: Dodged            |    35 |    47 ||    82
Block: Buckler           |    24 |    21 ||    45

Table legend: (Time is in decaauts)
 A = Elapsed time spent in this place.
 B = Non-inter-level travel time spent in this place.
 C = Inter-level travel time spent in this place.
 D = Time resting spent in this place.
 E = Time spent auto-exploring this place.
 F = Levels seen in this place.
 G = Mean time per level.
                   A        B        C        D        E       F      G
               +--------+--------+--------+--------+--------+-----+--------+
         Total |   1801 |   1705 |     96 |      0 |    995 |   3 |  600.3 |
       Dungeon |   1801 |   1705 |     96 |      0 |    995 |   3 |  600.3 |
               +--------+--------+--------+--------+--------+-----+--------+

Top non-repeatable levels by time:
     D:2: 1044 daAuts
     D:1: 564 daAuts
     D:3: 192 daAuts
